 Dungeon Crawl Stone Soup version 0.27-a0-346-ga689d4a613 (webtiles) character file.

Game seed: 9306031102475032011

183 dickylongcocking the Ducker (level 5, -6/25 HPs)
             Began as a Felid Berserker on Feb 15, 2021.
             Was a Believer of Trog.
             Mangled by an iguana (9 damage)
             ... on level 4 of the Dungeon.
             The game lasted 00:02:24 (3934 turns).

dickylongcocking the Ducker (Felid Berserker)       Turns: 3934, Time: 00:02:24

Health: -6/25      AC:  2    Str: 13    XL:     5   Next: 35%
Magic:  6/6        EV: 21    Int:  9    God:    Trog [**....]
Gold:   144        SH:  0    Dex: 17    Spells: 4/4 levels left
                                        Lives:  0   Deaths: 1

rFire    . . .     SeeInvis +     - Unarmed
rCold    . . .     Faith    .   (shield unavailable)
rNeg     . . .     Spirit   .   (armour unavailable)
rPois    .         Reflect  .   (helmet unavailable)
rElec    .         Harm     .   (cloak unavailable)
rCorr    .         Rampage  .   (gloves unavailable)
Will     .....                  (boots unavailable)
Stlth    +++.......             (no amulet)
HPRegen  0.08/turn              (no ring)
MPRegen  0.10/turn              (no ring)

@: berserk cooldown, slowed, slow
A: very small, no armour, no weapons or thrown items, stealth, claws 1, fangs 3,
see invisible, speed 1, shaggy fur 2, sharp paws
a: Renounce Religion, Berserk, Trog's Hand


You were on level 4 of the Dungeon.
You worshipped Trog.
Trog was pleased with you.
You visited 1 branch of the dungeon, and saw 4 of its levels.

You collected 144 gold pieces.

Inventory:

Jewellery
 i - a ring of flight {unknown}
Wands
 n - a wand of random effects (12)
Scrolls
 a - 3 scrolls of amnesia {unknown}
 c - a scroll of blinking {unknown}
 d - 3 scrolls of teleportation {unknown}
 g - 2 scrolls of identify {unknown}
 m - a scroll of enchant weapon {unknown}
Potions
 b - a potion of berserk rage {unknown}
 e - 3 potions of might {unknown}
 f - a potion of heal wounds {unknown}
 h - a potion of degeneration {unknown}
 j - a potion of haste {unknown}
 k - a potion of curing {unknown}
 l - a potion of attraction {unknown}
 o - 2 potions of ambrosia {unknown}


   Skills:
 * Level 4.0 Fighting
 * Level 5.3 Dodging
 * Level 4.4 Stealth
 * Level 4.9 Unarmed Combat


You had 4 spell levels left.
You didn't know any spells.
Your spell library was empty.

Dungeon Overview and Level Annotations

Branches:
Dungeon (4/15)
 Temple: D:4-7

Altars:
Cheibriados
Dithmenos
Hepliaklqana
Kikubaaqudgha
Makhleb
Sif Muna
Uskayaw
Vehumet
Zin


Innate Abilities, Weirdness & Mutations

You cannot wear armour.
You are incapable of wielding weapons or throwing items.
Your paws allow you to move quietly. (Stealth)
You have sharp claws.
You have razor-sharp teeth.
You have supernaturally acute eyesight. (SInv)
You cover ground quickly.
You are covered in thick fur. (AC +2)
Your sharp claws are effective at attacking unaware monsters.


Message History

The worker ant is moderately wounded.
The worker ant barely misses you. x2
You scratch the worker ant.
The worker ant is heavily wounded.
The worker ant misses you. The iguana misses you.
You scratch the worker ant.
The worker ant is almost dead.
The worker ant misses you. The iguana bites you.
The worker ant completely misses you. The iguana completely misses you.
You barely miss the worker ant.
The worker ant is almost dead.
The worker ant bites you! The iguana misses you.
The worker ant barely misses you.
You are too injured to fight recklessly!
You scratch the worker ant but do no damage.
The worker ant is almost dead.
The iguana completely misses you. The worker ant misses you.
You are too injured to fight recklessly!
You completely miss the worker ant.
The worker ant is almost dead.
The worker ant misses you. The iguana completely misses you.
The worker ant closely misses you. The iguana barely misses you.
Unknown command.
You scratch the worker ant.
You kill the worker ant!
Trog accepts your kill. The iguana closely misses you.
Your Fighting skill increases to level 4!
The iguana bites you!
* * * LOW HITPOINT WARNING * * *
You scratch the iguana but do no damage.
The iguana closely misses you. The iguana misses you.
The ooze quivers.
You scratch the iguana but do no damage.
The iguana misses you.
You closely miss the iguana. The iguana closely misses you.
You scratch the iguana.
The iguana is lightly wounded.
The iguana closely misses you. The iguana bites you!
You die...

#....#.#######.#.####..
#...
#.........>............
.#...
...######............/..
...._ ≈#.
#.#####...####.. .....
... # #...# .#... ≈..
#...# #### ... #.†.## .
#)...###.# ## #.@lJ....#
#........### #.#......##
#.#.#.....# #. #.#.....#
#. #.#..#..# # # #......
.....)#.


You could see an iguana and an ooze.

Vanquished Creatures
  Edmund (D:4)
  A scorpion (D:4)
  2 worker ants (D:4)
  An adder (D:3)
  2 oozes (D:1)
  2 worms
  3 dart slugs
  2 leopard geckos
  7 orcs
  3 giant cockroaches
  4 goblins
  4 hobgoblins
  10 jackals
  13 kobolds
  3 quokkas
  5 bats
  8 frilled lizards
  4 rats
75 creatures vanquished.

Notes
Turn   | Place    | Note
-------+----------+-------------------------------------------
     0 | D:1      | dickylongcocking the Felid Berserker began the quest for
                  | the Orb.
     0 | D:1      | Reached XP level 1. HP: 10/10 MP: 2/2
   225 | D:1      | Reached XP level 2. HP: 13/14 MP: 3/3
   404 | D:1      | Reached skill level 1 in Stealth
   987 | D:1      | Reached XP level 3. HP: 17/17 MP: 4/4
  1303 | D:1      | Reached ** piety under Trog
  1726 | D:2      | Found a shadowy altar of Dithmenos.
  2295 | D:3      | Reached XP level 4. HP: 9/21 MP: 5/5
  3068 | D:3      | Found a glowing silver altar of Zin.
  3463 | D:4      | Reached XP level 5. HP: 24/24 MP: 6/6
  3548 | D:4      | Noticed Edmund
  3559 | D:4      | Killed Edmund
  3560 | D:4      | Reached skill level 5 in Dodging
  3854 | D:4      | Found a burning altar of Makhleb.
  3856 | D:4      | Found a radiant altar of Vehumet.
  3857 | D:4      | Found a hazy altar of Hepliaklqana.
  3857 | D:4      | Found a shimmering blue altar of Sif Muna.
  3858 | D:4      | Found an ancient bone altar of Kikubaaqudgha.
  3858 | D:4      | Found a hide-covered altar of Uskayaw.
  3858 | D:4      | Found a snail-covered altar of Cheibriados.
  3870 | D:4      | Gained mutation: You are covered in thick fur. (AC +2)
                  | [Felid growth]
  3870 | D:4      | Reached XP level 6. HP: 9/28 MP: 7/7
  3879 | D:4      | Slain by an ooze
  3880 | D:4      | Reached XP level 5. HP: -1/25 MP: 6/6
  3934 | D:4      | Mangled by an iguana

Illustrated notes

Levels and vault maps discovered:
D:1:      tarquinn_simple_flora_water_a, layout_loops_corners
D:2:      layout_basic, grunt_dithmenos_smoke_and_mirrors
D:3:      minmay_evil_eye, layout_loops_corners,
          pdpol_temple_overflow_zin_treasury_gozag_greed, uniq_natasha
D:4:      minmay_recursive_quarters, layout_loops_ring,
          grunt_temple_overflow_open, overflow_temple_1_default, serial_rivers,
          chequers_serial_rivers_small_b, chequers_serial_rivers_micro_b,
          chequers_serial_rivers_small_a, chequers_serial_rivers_micro_a,
          chequers_serial_rivers_marsh, chequers_serial_rivers_small_b,
          grunt_ministairs_13, uniq_edmund

Skill      XL: |  1  2  3  4  5 |
---------------+----------------+-----
Stealth        | 1 2 3 4 |  4.4
Unarmed Combat | 4 |  4.9
Dodging        | 5 |  5.3
Fighting       | 4 |  4.0

Action                   |  1- 3 |  4- 6 || total
-------------------------+-------+-------++-------
Melee: Unarmed           |   102 |    82 ||   184
       Bite              |     8 |    12 ||    20
       Punch             |     3 |     1 ||     4
Invok: Berserk           |     3 |     4 ||     7
 Stab: Sleeping          |     5 |     3 ||     8
Armor: Skin              |     9 |     2 ||    11
Dodge: Dodged            |    61 |    90 ||   151

Table legend: (Time is in decaauts)
 A = Elapsed time spent in this place.
 B = Non-inter-level travel time spent in this place.
 C = Inter-level travel time spent in this place.
 D = Time resting spent in this place.
 E = Time spent auto-exploring this place.
 F = Levels seen in this place.
 G = Mean time per level.
                   A        B        C        D        E       F      G
               +--------+--------+--------+--------+--------+-----+--------+
         Total |   3541 |   3448 |     93 |    634 |   2370 |   4 |  885.2 |
       Dungeon |   3541 |   3448 |     93 |    634 |   2370 |   4 |  885.2 |
               +--------+--------+--------+--------+--------+-----+--------+

Top non-repeatable levels by time:
     D:1: 1357 daAuts
     D:3: 1090 daAuts
     D:2: 601 daAuts
     D:4: 492 daAuts
